 Dungeon Crawl Stone Soup version 0.29-a0-664-gff9cad4a3d (webtiles) character file.

Game seed: 15442689187139750956

52 DocClef the Skirmisher (level 4, -2/38 HPs)
             Began as a Human Fighter on June 22, 2022.
             Frozen to death by an endoplasm (3 damage)
             ... on level 3 of the Dungeon.
             The game lasted 00:01:25 (1768 turns).

DocClef the Skirmisher (Human Fighter)              Turns: 1768, Time: 00:01:26

Health: -2/38      AC:  6    Str: 18    XL:     4   Next: 8%
Magic:  4/4        EV:  9    Int:  8    God:
Gold:   133        SH:  4    Dex: 13    Spells: 3/3 levels left

rFire   . . .      SeeInvis .   a - +0 war axe
rCold   . . .      Faith    .   c - +0 buckler
rNeg    . . .      Spirit   .   b - +0 scale mail
rPois   .          Reflect  .   (no helmet)
rElec   .          Harm     .   (no cloak)
rCorr   .          Rampage  .   (no gloves)
Will    .....                   (no boots)
Stlth   ..........              h - amulet of regeneration
HPRegen 0.92/turn               (no ring)
MPRegen 0.09/turn               (no ring)

@: unable to read
A: screaming 1, inability to read while threatened
a: no special abilities


You were on level 3 of the Dungeon.
You visited 1 branch of the dungeon, and saw 3 of its levels.

You collected 133 gold pieces.

Inventory:

Hand Weapons
 a - a +0 war axe (weapon)
Armour
 b - a +0 scale mail (worn)
 c - a +0 buckler (worn)
Jewellery
 h - an amulet of regeneration (around neck)
 i - a +6 ring of intelligence
 j - a ring of ice
Scrolls
 f - 2 scrolls of magic mapping
 k - a scroll of identify {unknown}
 m - a scroll of fog
 n - a scroll of vulnerability {unknown}
Potions
 d - 2 potions of might
 g - a potion of curing
 l - a potion of heal wounds


   Skills:
 + Level 4.6 Fighting
 - Level 2.0 Axes
 - Level 3.0 Armour
 - Level 3.0 Shields


You had 3 spell levels left.
You didn't know any spells.
Your spell library was empty.

Dungeon Overview and Level Annotations

Branches:
Dungeon (3/15)

Altars:
Fedhas


Innate Abilities, Weirdness & Mutations

You occasionally shout uncontrollably at your foes.
You sometimes lose the ability to read scrolls when taking damage.


Message History

You feel sick. The adder bites you but does no damage.
The endoplasm hits you but does no damage.
The adder bites you.
* * * LOW HITPOINT WARNING * * *
You feel sick.
The endoplasm hits you but does no damage.
The adder closely misses you.
You feel sick. You block the adder's attack. The endoplasm freezes you.
You are frozen.
You feel threatened and lose the ability to read scrolls!
* * * LOW HITPOINT WARNING * * *
You can read scrolls again.
You feel sick.
You are no longer poisoned.
The adder closely misses you. The endoplasm closely misses you.
You block the adder's attack.
The endoplasm hits you but does no damage.
The adder bites you.
* * * LOW HITPOINT WARNING * * *
You are poisoned.
The adder poisons you!
You feel sick.
The endoplasm hits you but does no damage.
The adder bites you but does no damage.
You feel sick. You block the adder's attack.
The endoplasm hits you but does no damage.
You feel sick. The adder barely misses you.
The endoplasm hits you but does no damage.
The adder barely misses you.
You feel sick. The endoplasm closely misses you. The adder bites you.
You feel threatened and lose the ability to read scrolls!
* * * LOW HITPOINT WARNING * * *
* * * LOW HITPOINT WARNING * * *
You feel sick.
You are no longer poisoned.
The adder bites you but does no damage. The endoplasm freezes you.
You are frozen.
You die...

.###. .... ...
#... ....
...#### .##.
....... ###..
.......
#..###J......
#...@S#...#
###..##...#
#..#..# #....#
.#### ##.###
......#..####.#
#..<......#
###..##.....
#..# ....


You could see an adder and an endoplasm.

Vanquished Creatures
  A worm (D:2)
  3 dart slugs
  4 endoplasms
  3 giant cockroaches
  6 goblins
  2 hobgoblins (D:2)
  3 jackals (D:1)
  3 quokkas
  4 ball pythons
  3 bats
  5 kobolds
  2 rats
39 creatures vanquished.

Notes
Turn   | Place    | Note
-------+----------+-------------------------------------------
     0 | D:1      | DocClef the Human Fighter began the quest for the Orb.
     0 | D:1      | Reached XP level 1. HP: 18/18 MP: 1/1
    92 | D:1      | Reached XP level 2. HP: 24/24 MP: 2/2
   496 | D:1      | Reached skill level 4 in Fighting
   496 | D:1      | Reached XP level 3. HP: 30/30 MP: 3/3
  1152 | D:2      | Found a blossoming altar of Fedhas.
  1228 | D:2      | Reached XP level 4. HP: 37/38 MP: 4/4
  1698 | D:2      | Gained mutation: You sometimes lose the ability to read
                  | scrolls when taking damage. [potion of mutation]
  1698 | D:2      | Gained mutation: You occasionally shout uncontrollably at
                  | your foes. [potion of mutation]
  1767 | D:3      | HP: 1/38 [adder (3)]
  1768 | D:3      | Frozen to death by an endoplasm

Illustrated notes

Levels and vault maps discovered:
D:1:      nzn_arrival_water_spiral, layout_basic
D:2:      layout_loops_ring, basic_altar, kennysheep_path_1, minmay_distorted
D:3:      layout_rooms, serial_shops, nicolae_shop_advertising_works
          [nicolae_subvault_shop_adworks], nicolae_square_shop,
          nicolae_diamond_shop, nicolae_shop_competitors_out_of_business,
          nicolae_shop_behind_doors, nicolae_ecumenical_lake_church,
          glass_columns_a

Skill      XL: |  1  2 |
---------------+-------+-----
Fighting       | 4 |  4.6
Axes           | |  2.0
Armour         | |  3.0
Shields        | |  3.0

Action                   |  1- 3 |  4- 6 || total
-------------------------+-------+-------++-------
Melee: War axe           |    79 |    20 ||    99
  Use: Scroll            |     5 |       ||     5
       Potion            |       |     3 ||     3
Armor: Scale mail        |    49 |    38 ||    87
Dodge: Dodged            |    44 |    32 ||    76
Block: Buckler           |    23 |    15 ||    38

Table legend: (Time is in decaauts)
 A = Elapsed time spent in this place.
 B = Non-inter-level travel time spent in this place.
 C = Inter-level travel time spent in this place.
 D = Time resting spent in this place.
 E = Time spent auto-exploring this place.
 F = Levels seen in this place.
 G = Mean time per level.
                   A        B        C        D        E       F      G
               +--------+--------+--------+--------+--------+-----+--------+
         Total |   1811 |   1787 |     24 |    147 |   1312 |   3 |  603.7 |
       Dungeon |   1811 |   1787 |     24 |    147 |   1312 |   3 |  603.7 |
               +--------+--------+--------+--------+--------+-----+--------+

Top non-repeatable levels by time:
     D:2: 1050 daAuts
     D:1: 710 daAuts
     D:3: 50 daAuts
